 Dungeon Crawl Stone Soup version 0.29.1-12-g30fa7ad0bf (webtiles) character file.

Game seed: 2658148107929895954

35 GeoRichter the Vexing (level 3, 0/26 HPs)
             Began as a Demonspawn Wanderer on Dec 23, 2022.
             Slain by an orc wizard
             ... wielding a +0 dagger
              (3 damage)
             ... on level 2 of the Dungeon.
             The game lasted 00:03:08 (1665 turns).

GeoRichter the Vexing (Demonspawn Wanderer)         Turns: 1665, Time: 00:03:09

Health: 0/26       AC:  7    Str: 14    XL:     3   Next: 16%
Magic:  6/6        EV:  9    Int: 16    God:
Gold:   18         SH:  0    Dex:  9    Spells: 7/7 levels left

rFire   . . .      SeeInvis .   i - +0 trident
rCold   . . .      Faith    .   (no shield)
rNeg    . . .      Spirit   .   c - +0 scale mail
rPois   .          Reflect  .   (helmet restricted)
rElec   .          Harm     .   p - +0 cloak
rCorr   .          Rampage  .   (no gloves)
Will    .....                   (no boots)
Stlth   ..........              (no amulet)
HPRegen 0.08/turn               (no ring)
MPRegen 0.10/turn               (no ring)

@: flying
A: antennae 1, powered by pain 1
a: no special abilities


You were on level 2 of the Dungeon.
You visited 1 branch of the dungeon, and saw 2 of its levels.

You collected 83 gold pieces.
You spent 65 gold pieces at shops.

Inventory:

Hand Weapons
 i - a +0 trident (weapon)
   (You found it on level 1 of the Dungeon)
Missiles
 f - 4 silver boomerangs (quivered)
Armour
 c - a +0 scale mail (worn)
 p - a +0 cloak (worn)
   (You found it on level 2 of the Dungeon)
Jewellery
 j - a ring of fire
   (You found it on level 1 of the Dungeon)
 l - a ring of protection from cold
   (You found it on level 1 of the Dungeon)
Wands
 m - a wand of paralysis (7)
   (You found it on level 2 of the Dungeon)
Scrolls
 a - a scroll of poison {unknown}
 b - 3 scrolls of teleportation {@r4}
 d - a scroll of identify {unknown}
 e - a scroll of noise {unknown}
 g - a scroll of enchant weapon {unknown}
 n - a scroll of fear {unknown}
 o - a scroll of silence {unknown}
 r - 3 scrolls of enchant armour {unknown}
Potions
 h - a potion of flight
 k - a potion of curing {unknown}


   Skills:
 - Level 1.0 Fighting
 - Level 1.7 Armour
 - Level 1.0 Dodging
 + Level 2.5 Spellcasting
 * Level 3.2 Hexes
 - Level 1.0 Fire Magic
 - Level 1.0 Evocations


You had 7 spell levels left.
You didn't know any spells.
Your spell library contained the following spells:

 Spells                   Type           Power      Damage    Failure   Level
 Slow                     Hex            48%        N/A       22%         1
 Confusing Touch          Hex            12%        N/A       54%         3
 Tukima's Dance           Hex            12%        N/A       54%         3
 Foxfire                  Conj/Fire      12%        2x1d4     56%         1
 Portal Projectile        Hex/Tloc       14%        N/A       78%         3
 Ignite Poison            Fire/Tmut/Pois 3%         N/A       91%         3
 Call Canine Familiar     Summ           2%         N/A       94%         3
 Gell's Gravitas          Tloc           2%         N/A       94%         3
 Teleport Other           Tloc           2%         N/A       94%         3
 Leda's Liquefaction      Hex/Erth       3%         N/A       99%         4
 Dispersal                Tloc           1%         N/A       100%        6


Dungeon Overview and Level Annotations

Branches:
Dungeon (2/15) Zot: 10297

Altars:

Shops:
D:2 !

Annotations:
D:2 1 runed translucent door, Crazy Yiuf


Innate Abilities, Weirdness & Mutations

You have a pair of small antennae on your head.
You sometimes gain a little power by taking damage.


Message History

You feel much better. Something hits you but does no damage.
You closely miss something. Something hits you but does no damage.
Something hits you but does no damage.
You barely miss something. Something hits you but does no damage.
You barely miss something. Something hits you.
You miss something. Something hits you.
You hear some strange, mumbled words.
A puff of flame appears from out of thin air!
The puff of flame hits you.
You hit something but do no damage.
You hear some strange, mumbled words.
You are confused.
You miss something. Something hits you but does no damage.
Unknown command.
You closely miss something.
You hear some strange, mumbled words.
You are more confused.
Something hits you.
You hear some strange, mumbled words.
A puff of flame appears from out of thin air!
The puff of flame hits you.
* * * LOW HITPOINT WARNING * * *
You miss something.
You hear some strange, mumbled words.
A magic dart appears from out of thin air!
The magic dart hits you.
* * * LOW HITPOINT WARNING * * *
You completely miss something.
You hear some strange, mumbled words.
A puff of flame appears from out of thin air!
The puff of flame hits you.
* * * LOW HITPOINT WARNING * * *
Something hits you.
* * * LOW HITPOINT WARNING * * *
It was a potion of flight.
You feel very buoyant.
You fly up into the air.
Something hits you but does no damage.
You're too confused to move!
Something hits you but does no damage.
You closely miss something.
You feel less confused. Something hits you.
You die...

.......[..........#
###8##...##8###8#.#
# ####...#### ###.#
#.: #8†..8#.####..#
#.. ##...##.#<##.##
#.. #...##.#....#
#..###...##.#.####
#...#8...8#.#....#
#.o##...##.####@#
###..........# #{#
.....).......###o##
............oo.oo.#
.....>.......######
$...#.########
....#.# #######


You could see 3 orcs.

Vanquished Creatures
  2 dart slugs (D:1)
  An orc (D:2)
  4 bats
  3 endoplasms
  2 giant cockroaches (D:1)
  3 goblins (D:1)
  3 kobolds
  A quokka (D:1)
  3 ball pythons
  3 frilled lizards
  3 rats (D:1)
28 creatures vanquished.

Vanquished Creatures (others)
  4 plants (D:1)
  2 withered plants (D:1)
6 creatures vanquished.

Grand Total: 34 creatures vanquished

Notes
Turn   | Place    | Note
-------+----------+-------------------------------------------
     0 | D:1      | GeoRichter the Demonspawn Wanderer began the quest for the
                  | Orb.
     0 | D:1      | GeoRichter set off with the following items: a +0 club, a
                  | scroll of teleportation {@r4}, a +0 scale mail; and the
                  | following spells available to memorise: Slow, Foxfire,
                  | Confusing Touch, Tukima's Dance, Ignite Poison.
     0 | D:1      | Reached XP level 1. HP: 15/15 MP: 3/3
    42 | D:1      | Found a faded altar of an unknown god.
   212 | D:1      | Gained mutation: You have a pair of small antennae on your
                  | head. [demonic ancestry]
   212 | D:1      | Reached XP level 2. HP: 21/21 MP: 5/5
   578 | D:1      | Reached skill level 3 in Hexes
  1208 | D:2      | Found a runed translucent door.
  1209 | D:2      | Noticed Crazy Yiuf
  1304 | D:2      | Gained mutation: You sometimes gain a little power by
                  | taking damage. [demonic ancestry]
  1304 | D:2      | Reached XP level 3. HP: 21/26 MP: 6/6
  1370 | D:2      | Found Raykkouts's Distillery.
  1442 | D:2      | Bought a potion of heal wounds for 65 gold pieces
  1665 | D:2      | Slain by an orc wizard

Illustrated notes

Levels and vault maps discovered:
D:1:      kennysheep_arrival_forest, layout_rooms, shapermc_ecumenical_altar_gd,
          minmay_misc_feat_tiny, minmay_misc_feat_plants, serial_bayou_pond_e
D:2:      layout_basic, serial_shops, shop, corexii_hall_statues_x,
          uniq_crazy_yiuf_cottage

Skill      XL: |  1  2 |
---------------+-------+-----
Hexes          | 3 |  3.2
Fighting       | |  1.0
Armour         | |  1.7
Dodging        | |  1.0
Spellcasting   | |  2.5
Fire Magic     | |  1.0
Evocations     | |  1.0

Action                   || total
-------------------------++-------
Melee: Dagger            ||    75
       Club              ||    10
       Trident           ||   111
       Punch             ||     2
Evoke: Wand              ||     1
  Use: Potion            ||     2
Armor: Scale mail        ||   101
Dodge: Dodged            ||    92
